 Dungeon Crawl Stone Soup version 0.25.0-33-gff14898 (webtiles) character file.

Game seed: 2070862680805563686

83 Gadfly the Ruffian (level 4, 0/36 HPs)
             Began as a Draconian Transmuter on July 8, 2020.
             Was an Initiate of Wu Jian.
             Succumbed to an adder's poison
             ... on level 3 of the Dungeon.
             The game lasted 00:02:47 (2745 turns).

Gadfly the Ruffian (Draconian Transmuter)           Turns: 2745, Time: 00:02:48

Health: 0/36       AC:  6    Str: 13    XL:     4   Next: 22%
Magic:  7/7        EV: 12    Int: 13    God:    Wu Jian [......]
Gold:   118        SH:  0    Dex: 12    Spells: 2/8 levels left

rFire    . . .     SeeInvis .     - Unarmed
rCold    . . .     Gourm    .   (no shield)
rNeg     . . .     Faith    .   (armour unavailable)
rPois    .         Spirit   .   (helmet restricted)
rElec    .         Reflect  .   (no cloak)
rCorr    .         Harm     .   i - +0 pair of gloves (curse)
MR       .....                  (no boots)
Stlth    +.........             g - amulet of inaccuracy (curse)
HPRegen  0.12/turn              (no ring)
MPRegen  0.10/turn              (no ring)

@: lethally poisoned (0 -> -1), berserk cooldown, slowed, very slow
A: unfitting armour, cold-blooded, AC +5
a: Renounce Religion


You were on level 3 of the Dungeon.
You worshipped Wu Jian.
Wu Jian was noncommittal.
You were not hungry.

You visited 1 branch of the dungeon, and saw 3 of its levels.

You collected 118 gold pieces.

Inventory:

Missiles
 a - 35 arrows
Armour
 i - a cursed +0 pair of gloves (worn)
Jewellery
 g - a cursed amulet of inaccuracy (around neck)
Scrolls
 b - 3 scrolls of amnesia
 f - a scroll of blinking
Potions
 e - a potion of mutation
Comestibles
 c - 3 rations
 d - 3 chunks of flesh


   Skills:
 + Level 1.7 Fighting
 * Level 2.5 Dodging
 * Level 3.6 Unarmed Combat
 * Level 2.5 Spellcasting
 * Level 2.7 Transmutations


You had 2 spell levels left.
You knew the following spells:

 Your Spells              Type           Power        Failure   Level  Hunger
a - Beastly Appendage     Tmut           #.....       8%          1    #......
b - Sticks to Snakes      Tmut           #.......     12%         2    ###....
c - Spider Form           Tmut/Pois      #.........   38%         3    ###....

Your spell library contained the following spells:

 Spells                   Type           Power        Failure   Level  Hunger
 Ice Form                 Ice/Tmut       #.......     80%         4    #####..
 Blade Hands              Tmut           #.........   91%         5    ######.


Dungeon Overview and Level Annotations

Branches:
Dungeon (3/15)

Altars:
Trog
Wu Jian
Yredelemnul


Innate Abilities, Weirdness & Mutations

Your plain brown scales are hard. (AC +5)
You cannot fit into any form of body armour.
You are cold-blooded and may be slowed by cold attacks.


Message History

You feel a strong urge to attack something.
You butcher the adder corpse.
You feel sick.
d - a chunk of flesh;
d - 3 chunks of flesh (gained 2)
Things that are here:
a frilled lizard skeleton; an adder skeleton You start resting.
You feel your anger nearly subside.
Your horns disappear.
You are no longer berserk.
You are exhausted.
You feel yourself slow down.
There is a lethal amount of poison in your body!
There is a lethal amount of poison in your body!
There is a lethal amount of poison in your body!
* * * LOW HITPOINT WARNING * * *
You feel sick.
Okay, then.
There is a lethal amount of poison in your body!
* * * LOW HITPOINT WARNING * * *
You feel sick.
You die...

#............#..
#%!....#.......
#......#....#
#...........#
#......#....#
##.....#....#
.......#....#
##.....#....#
#.....##.#@#
###... #.#รท# #
#...##.#.#
###....#.#.#
.......#.#.#
.........#.#
..#....##.#
#....##.#
#.....#..


There were no monsters in sight!

Vanquished Creatures
  3 adders
  An ooze (D:2)
  2 worms (D:2)
  3 dart slugs (D:1)
  2 leopard geckos (D:1)
  3 bats
  3 giant cockroaches
  4 goblins
  5 hobgoblins
  4 jackals
  A frilled lizard (D:3)
  3 kobolds
  2 rats
36 creatures vanquished.

Notes
Turn   | Place    | Note
-------+----------+-------------------------------------------
     0 | D:1      | Gadfly the Draconian Transmuter began the quest for the
                  | Orb.
     0 | D:1      | Reached XP level 1. HP: 16/16 MP: 3/3
   396 | D:1      | Reached XP level 2. HP: 15/23 MP: 3/5
   510 | D:1      | Learned a level 2 spell: Sticks to Snakes
  1312 | D:2      | Reached XP level 3. HP: 23/28 MP: 6/6
  1777 | D:2      | Found an ornate altar of the Wu Jian Council.
  1781 | D:2      | Became a worshipper of the Wu Jian Council
  1836 | D:2      | Found a bloodstained altar of Trog.
  1847 | D:2      | Found a basalt altar of Yredelemnul.
  2151 | D:2      | Reached XP level 4. HP: 8/35 MP: 7/7
  2357 | D:2      | Learned a level 3 spell: Spider Form
  2740 | D:3      | HP: 1/36 [poisoned by an adder]
  2745 | D:3      | Succumbed to an adder's poison

Illustrated notes

Levels and vault maps discovered:
D:1:      lemuel_arrival_room, layout_rooms, hangedman_glass_teeth,
          chequers_big_river, chequers_serial_rivers_room_b
D:2:      layout_basic, gammafunk_temple_overflow_pools, marbit_many_paths
D:3:      mumra_celtic_spiral_tile, layout_basic,
          nicolae_qazlal_style_of_elements, uniq_ijyb

Skill      XL: |  1  2 |
---------------+-------+-----
Dodging        | 2 |  2.5
Fighting       | |  1.7
Unarmed Combat | |  3.6
Spellcasting   | |  2.5
Transmutations | |  2.7

Action                   |  1- 3 |  4- 6 || total
-------------------------+-------+-------++-------
Melee: Unarmed           |   153 |    53 ||   206
       Kick              |     2 |       ||     2
       Headbutt          |     8 |       ||     8
       Tailslap          |    10 |     1 ||    11
       Punch             |     1 |       ||     1
 Cast: Beastly Appendage |    16 |     3 ||    19
Invok: Lunge             |     1 |     1 ||     2
  Use: Scroll            |     4 |       ||     4
       Potion            |       |     3 ||     3
 Stab: Sleeping          |       |     1 ||     1
  Eat: Chunk             |     4 |     2 ||     6
Armor: Skin              |    53 |    14 ||    67
Dodge: Dodged            |    99 |    38 ||   137
